 Dungeon Crawl Stone Soup version 0.31.0-9-g3a7656b989 (webtiles) character file.

Game seed: 13196234327390885300

15102 Killerpretzel the Geomancer (level 12, -1/59 HPs)
             Began as a Gargoyle Earth Elementalist on Jan 27, 2024.
             Was an Elder of Vehumet.
             Slain by a very large slime creature (14 damage)
             ... on level 12 of the Dungeon on Jan 28, 2024.
             The game lasted 01:54:05 (14589 turns).

Killerpretzel the Geomancer (GrEE)                 Turns: 14589, Time: 01:54:06

Health: -1/59      AC: 17    Str: 12    XL:     12   Next: 23%
Magic:  7/24       EV: 12    Int: 24    God:    Vehumet [****..]
Gold:   220        SH:  7    Dex: 12    Spells: 14/27 levels left

rFire   + + +        X - +4 long sword of the Keeping Pill Bug {flame, +Blink rF+ rC++ Dex+2}
rCold   + + +        D - +1 buckler "Pogryh" {rF+}
rNeg    + . .        H - +2 robe {rF+}
rPois   ∞            (no helmet)
rElec   +            C - +0 cloak
rCorr   +            (no gloves)
SInv    .            (no boots)
Will    .....        c - amulet of regeneration
Stlth   ++           I - ring "Ekaczu Ydde" {rC+ rCorr Int+3 Stlth-}
HPRegen 1.09/turn    n - +4 ring of protection
MPRegen 0.19/turn

%: no passive effects
@: no status effects
A: sickness immunity, AC +8, negative energy resistance 1, electricity
resistance, torment resistance 1, petrification resistance, teleportitis 1
a: Renounce Religion, Evoke Blink


You were on level 12 of the Dungeon.
You worshipped Vehumet.
Vehumet was greatly pleased with you.
You visited 2 branches of the dungeon, and saw 13 of its levels.

You collected 690 gold pieces.
You spent 470 gold pieces at shops.

Inventory:

Hand Weapons
 f - a +1 dagger of venom
 o - a +2 short sword of holy wrath
 s - a +1 hand axe of electrocution
 t - the +1 dagger "Poecsuov" {flame, ^Contam Int+4}
   (You found it on level 3 of the Dungeon)

   Int+4:     It affects your intelligence (+4).
   ^Contam:   It causes magical contamination when unequipped.
 u - the +6 quarterstaff of the Histrionic God {freeze, rCorr Stlth+}
   (You found it on level 4 of the Dungeon)

   rCorr:     It protects you from acid and corrosion.
   Stlth+:    It makes you more stealthy.
 w - a +0 dagger of pain
 E - a +2 dagger of freezing
 O - the +7 dagger of Severance {antimagic, Fly Str+2 Int+3 Dex+4}
   (You found it on level 9 of the Dungeon)

   Str+2:     It affects your strength (+2).
   Int+3:     It affects your intelligence (+3).
   Dex+4:     It affects your dexterity (+4).
   Fly:       It grants you flight.
 U - the +1 whip "Noetema" {spect, Will+}
   (You found it on level 11 of the Dungeon)

   Will+:     It increases your willpower.
 X - the +4 long sword of the Keeping Pill Bug (weapon) {flame, +Blink rF+ rC++ Dex+2}
   (You found it on level 11 of the Dungeon)

   Dex+2:     It affects your dexterity (+2).
   rF+:       It protects you from fire.
   rC++:      It greatly protects you from cold.
   +Blink:    It lets you blink.
Missiles
 d - 106 stones
 l - 17 boomerangs (quivered)
Armour
 a - a +0 robe
 B - an orb of light
 C - a +0 cloak (worn)
 D - the +1 buckler "Pogryh" (worn) {rF+}
   (You bought it in a shop on level 5 of the Dungeon)

   rF+:       It protects you from fire.
 H - a +2 robe of fire resistance (worn)
 K - a +0 troll leather armour
 P - a +2 robe of positive energy
 R - a +2 robe of positive energy
 Y - a +2 robe of cold resistance
Magical Staves
 A - a staff of conjuration
 Z - a staff of cold
Jewellery
 c - an amulet of regeneration (around neck)
 j - a +6 ring of strength
 n - a +4 ring of protection (right hand)
 p - an amulet of reflection
 y - a ring of willpower
 G - a ring of flight
 I - the ring "Ekaczu Ydde" (left hand) {rC+ rCorr Int+3 Stlth-}
   (You acquired it on level 5 of the Dungeon)

   [ring of resist corrosion]

   Int+3:     It affects your intelligence (+3).
   rC+:       It protects you from cold.
   rCorr:     It protects you from acid and corrosion.
   Stlth-:    It makes you less stealthy.
 J - an amulet of guardian spirit
Wands
 v - a wand of polymorph (13)
 L - a wand of digging (2)
 Q - a wand of roots (10)
 W - a wand of mindburst (11)
Scrolls
 e - 3 scrolls of fog
 g - 5 scrolls of vulnerability
 i - a scroll of revelation
 k - 8 scrolls of identify
 m - a scroll of teleportation
 x - 2 scrolls of torment
 M - 2 scrolls of fear
 N - a scroll of blinking
 T - a scroll of silence {unknown}
Potions
 b - 2 potions of lignification
 h - 5 potions of curing
 q - a potion of enlightenment
 r - a potion of heal wounds
 z - 2 potions of might
 F - 2 potions of attraction
 S - 3 potions of invisibility
 V - a potion of haste


   Skills:
 - Level 3.5 Dodging
 - Level 5.1 Stealth
 - Level 8.0 Shields
 + Level 8.3 Spellcasting
 + Level 9.7 Conjurations
 + Level 4.7 Translocations
 * Level 13.4 Earth Magic


You had 14 spell levels left.
You knew the following spells:

 Your Spells              Type           Power      Damage    Failure   Level
a - Sandblast             Erth           100%       2d20      1%          1
b - Stone Arrow           Conj/Erth      100%       3d13      1%          3
c - Brom's Barrelling Bo  Conj/Erth      60%        2d8       1%          4
d - Blink                 Tloc           64%        N/A       1%          2
e - Passwall              Erth           65%        N/A       1%          3

Your spell library contained the following spells:

 Spells                   Type           Power      Damage    Failure   Level
 Lee's Rapid Deconstruct  Erth           32%        3d17*     1%          5
 Magic Dart               Conj           100%       1d8       1%          1
 Shock                    Conj/Air       100%       1d9       1%          1
 Lesser Beckoning         Tloc           64%        N/A       1%          2
 Momentum Strike          Conj/Tloc      88%        3d10      1%          2
 Searing Ray              Conj           100%       2d8       1%          2
 Dazzling Flash           Conj/Hex       66%        N/A       1%          3
 Hailstorm                Conj/Ice       33%        3d8       1%          3
 Volatile Blastmotes      Fire/Tloc      42%        2d13      2%          3
 Fulminant Prism          Conj/Alch      16%        3d10      3%          4
 Petrify                  Alch/Erth      42%        N/A       4%          4
 Arcjolt                  Conj/Air       16%        1d26      9%          5
 Manifold Assault         Tloc           32%        N/A       12%         4
 Airstrike                Air            5%         2d(1-17)  21%         4
 Fugue of the Fallen      Necr           10%        N/A       24%         3
 Ozocubu's Armour         Ice            10%        N/A       24%         3
 Summon Ice Beast         Ice/Summ       10%        N/A       24%         3
 Swiftness                Air            10%        N/A       24%         3
 Vhi's Electric Charge    Tloc/Air       42%        N/A       30%         4
 Starburst                Conj/Fire      16%        6d6       38%         6
 Dispersal                Tloc           16%        N/A       87%         6
 Sculpt Simulacrum        Ice/Alch       5%         N/A       100%        6
 Disjunction              Tloc           16%        N/A       100%        8
 Maxwell's Capacitive Co  Air            5%         ∞         100%        8


Dungeon Overview and Level Annotations

Branches:
Dungeon (12/15)            Temple (1/1) D:5            Lair (0/5) D:11
    Orc (0/2) D:9

Altars:
Ashenzari
Cheibriados
Dithmenos
Elyvilon
Fedhas
Gozag
Hepliaklqana
Kikubaaqudgha
Makhleb
Nemelex Xobeh
Okawaru
Qazlal
Ru
Sif Muna
Uskayaw
Vehumet
Wu Jian
Xom
Yredelemnul
Zin
The Shining One

Shops:
D:5 *   D:9 =

Annotations:
D:3 exclusion: 2 downstairs
D:4 Menkaure
D:7 3 runed translucent doors, exclusion: door, Henri's ghost, novice OpSh
D:10 exclusion: downstairs
D:11 1 runed translucent door, Yme Rois's ghost, journeyman TrSh


Innate Abilities, Weirdness & Mutations

You are immune to sickness and miasma.
Your stone body is resilient. (AC +8)
You are immune to poison.
You resist negative energy. (rN+)
You are resistant to electric shocks. (rElec)
You are resistant to unholy torment.
You are immune to petrification.
You are occasionally teleported next to monsters.


Message History

The slime creature misses you. You block the slime creature's attack.
Two slime creatures merge to form a very large slime creature.
Casting: Stone Arrow (safe; 1% risk of failure)
Confirm with . or Enter, or press ? or * to list all spells.
Aiming: Stone Arrow (safe; 1% risk of failure)
Press: ? - help, Shift-Dir - straight line, f/p - very large slime creature
Aim: a very large slime creature (moderately wounded, 95% to hit)
The stone arrow hits the very large slime creature!!
The very large slime creature is moderately wounded.
Casting: Stone Arrow (safe; 1% risk of failure)
Confirm with . or Enter, or press ? or * to list all spells.
Aiming: Stone Arrow (safe; 1% risk of failure)
Press: ? - help, Shift-Dir - straight line, f/p - very large slime creature
Aim: a very large slime creature (moderately wounded, 95% to hit)
The stone arrow hits the very large slime creature!!
The very large slime creature is heavily wounded.
The very large slime creature completely misses you.
Casting: Stone Arrow (safe; 1% risk of failure)
Confirm with . or Enter, or press ? or * to list all spells.
Aiming: Stone Arrow (safe; 1% risk of failure)
Press: ? - help, Shift-Dir - straight line, f/p - very large slime creature
Aim: a very large slime creature (heavily wounded, 95% to hit)
The stone arrow hits the very large slime creature!!
The very large slime creature is severely wounded.
You block the very large slime creature's attack.
Casting: Stone Arrow (safe; 1% risk of failure)
Confirm with . or Enter, or press ? or * to list all spells.
Aiming: Stone Arrow (safe; 1% risk of failure)
Press: ? - help, Shift-Dir - straight line, f/p - very large slime creature
Aim: a very large slime creature (severely wounded, 95% to hit)
The stone arrow misses the very large slime creature.
The very large slime creature hits you!!!
Ouch! That really hurt!
* * * LOW HITPOINT WARNING * * *
The very large slime creature attacks as it pursues you!
The very large slime creature closely misses you.
The very large slime creature attacks as it pursues you!
The very large slime creature hits you!
You die...

#.# #.#
#.####.##
####
#.......J
.^..
#.#######
.### #.#
#.# #J#
#@########
###
#>........
...
#.########
### #.#
#.# #.#
#.# #.#
#.#


You could see a very large slime creature.

Vanquished Creatures
  Fannar (D:11)
  4 two-headed ogres
  An unseen horror (D:11)
  3 kobold demonologists
  A komodo dragon (D:12)
  Psyche (D:9)
  3 trolls
  A hornet (D:9)
  Prince Ribbit (D:5)
  7 slime creatures (D:12)
  7 wraiths
  A vampire (D:11)
  10 yaks
  2 steam dragons (D:6)
  2 acid dragons
  4 orc warriors
  A black bear (D:6)
  4 sky beasts
  3 wolves
  3 ice beasts
  4 centaurs
  2 phantoms
  3 kobold brigands
  2 bullfrogs
  7 scorpions
  8 wights
  11 killer bees
  6 howler monkeys
  3 electric eels (D:11)
  8 hounds
  4 jellies
  3 bombardier beetles
  6 orc priests
  A gnoll bouda (D:6)
  2 iguanas
  Natasha (twice) (D:4)
  8 orc wizards
  11 adders
  5 gnolls (D:6)
  2 white imps
  3 dart slugs
  A ribbon worm (D:3)
  35 orcs
  5 endoplasms
  2 giant cockroaches
  8 goblins
  2 hobgoblins
  3 quokkas
  8 ball pythons
  3 bats
  A frilled lizard (D:2)
  13 kobolds
  2 rats
244 creatures vanquished.

Vanquished Creatures (collateral kills)
  17 boulders
17 creatures vanquished.

Vanquished Creatures (others)
  14 boulders
14 creatures vanquished.

Grand Total: 275 creatures vanquished

Notes
Turn   | Place    | Note
-------+----------+-------------------------------------------
     0 | D:1      | Killerpretzel the Gargoyle Earth Elementalist began the
                  | quest for the Orb.
     0 | D:1      | Reached XP level 1. HP: 10/10 MP: 3/3
   744 | D:2      | Reached XP level 2. HP: 15/15 MP: 1/5
  1823 | D:3      | Noticed a bombardier beetle
  1842 | D:3      | Reached skill level 4 in Earth Magic
  1842 | D:3      | Reached XP level 3. HP: 19/19 MP: 0/6
  1893 | D:3      | Reached XP level 4. HP: 24/24 MP: 1/7
  2034 | D:3      | Found a glowing silver altar of Zin.
  2106 | D:3      | Found a faded altar of an unknown god.
  2106 | D:3      | Noticed a chaos spawn
  2380 | D:3      | Identified the +1 dagger "Poecsuov" {flame, ^Contam Int+4}
  2491 | D:3      | Reached XP level 5. HP: 28/28 MP: 6/9
  2998 | D:4      | Reached skill level 5 in Earth Magic
  2998 | D:4      | Reached XP level 6. HP: 32/32 MP: 8/10
  3023 | D:4      | Noticed Natasha
  3026 | D:4      | Killed Natasha
  3233 | D:4      | Noticed Natasha
  3236 | D:4      | Killed Natasha
  3283 | D:4      | Identified the +6 quarterstaff of the Histrionic God
                  | {freeze, rCorr Stlth+}
  3375 | D:4      | Noticed an ice beast
  3534 | D:4      | Noticed Menkaure
  3540 | D:5      | Entered Level 5 of the Dungeon
  3716 | D:5      | Noticed Prince Ribbit
  3817 | D:5      | Reached XP level 7. HP: 35/36 MP: 5/12
  3899 | D:5      | Gained mutation: You are occasionally teleported next to
                  | monsters. [mutagenic glow]
  4131 | D:5      | Found Ynlyil's Assorted Antiques.
  4139 | D:5      | Bought an encrusted buckler for 199 gold pieces
  4139 | D:5      | Identified the +1 buckler "Pogryh" {rF+} (You bought it in
                  | a shop on level 5 of the Dungeon)
  4307 | D:5      | Found a staircase to the Ecumenical Temple.
  4317 | Temple   | Entered the Ecumenical Temple
  4338 | Temple   | Became a worshipper of Vehumet
  4442 | D:5      | Killed Prince Ribbit
  4443 | D:5      | Reached skill level 6 in Earth Magic
  4492 | D:5      | Learned a level 3 spell: Stone Arrow
  4496 | D:5      | Learned a level 3 spell: Passwall
  4520 | D:6      | Reached XP level 8. HP: 29/41 MP: 10/14
  4576 | D:6      | Reached skill level 5 in Conjurations
  4710 | D:6      | Reached skill level 7 in Earth Magic
  4713 | D:6      | Reached skill level 5 in Spellcasting
  4940 | D:6      | Reached skill level 5 in Stealth
  4941 | D:6      | Reached * piety under Vehumet
  4941 | D:6      | Offered knowledge of Foxfire by Vehumet.
  5113 | D:6      | Found an opulent altar of Gozag.
  5203 | D:6      | Reached XP level 9. HP: 45/45 MP: 10/17
  5430 | D:6      | Reached skill level 1 in Shields
  5763 | D:6      | Reached skill level 8 in Earth Magic
  6261 | D:6      | Found a sacrificial altar of Ru.
  6678 | D:7      | Found a runed translucent gate.
  6678 | D:7      | Found a runed translucent gate.
  6678 | D:7      | Found a runed translucent gate.
  6678 | D:7      | Identified the +5 plate armour "Luuquufa" {rPois rF+ rC++
                  | Int-4}
  6679 | D:7      | Noticed Henri's ghost (novice OpSh)
  6925 | D:5      | Bought a glowing robe for 77 gold pieces
  7268 | D:7      | Offered knowledge of Momentum Strike by Vehumet.
  7270 | D:7      | Reached skill level 9 in Earth Magic
  7465 | D:7      | Reached ** piety under Vehumet
  7721 | D:7      | Reached XP level 10. HP: 49/50 MP: 5/19
  8280 | D:8      | Reached skill level 5 in Shields
  8514 | D:8      | Reached skill level 10 in Earth Magic
  8633 | D:8      | Learned a level 2 spell: Blink
  8664 | D:8      | Offered knowledge of Volatile Blastmotes by Vehumet.
  9078 | D:9      | Noticed a two-headed ogre
  9085 | D:9      | Learned a level 4 spell: Brom's Barrelling Boulder
  9231 | D:9      | Found Xawuryx's Jewellery Boutique.
  9359 | D:9      | Identified the +7 dagger of Severance {antimagic, Fly Str+2
                  | Int+3 Dex+4}
  9471 | D:9      | Noticed Psyche
  9497 | D:9      | Killed Psyche
  9498 | D:9      | Reached skill level 1 in Translocations
  9607 | D:9      | Found a staircase to the Orcish Mines.
  9886 | D:8      | Reached *** piety under Vehumet
 10071 | D:5      | Bought a scroll of blinking for 157 gold pieces
 10071 | D:5      | Bought 2 glowing red potions for 37 gold pieces
 10073 | D:5      | Identified a scroll of acquirement
 10073 | D:5      | Acquired the ring "Ekaczu Ydde" {rC+ rCorr Int+3 Stlth-}
 10343 | D:9      | Reached skill level 11 in Earth Magic
 10683 | D:9      | Killed a two-headed ogre
 10684 | D:9      | Reached XP level 11. HP: 54/54 MP: 13/21
 10745 | D:10     | Entered Level 10 of the Dungeon
 10887 | D:10     | Noticed a soul eater
 11029 | D:10     | Offered knowledge of Ignite Poison by Vehumet.
 12048 | D:11     | Found a runed translucent door.
 12048 | D:11     | Noticed Yme Rois's ghost (journeyman TrSh)
 12093 | D:11     | Identified the +1 whip "Noetema" {spect, Will+}
 12521 | D:11     | Noticed a two-headed ogre
 12535 | D:11     | Killed a two-headed ogre
 12536 | D:11     | Reached skill level 12 in Earth Magic
 12548 | D:11     | Noticed Fannar
 12974 | D:11     | Reached **** piety under Vehumet
 13064 | D:11     | Found a staircase to the Lair.
 13350 | D:11     | Noticed a two-headed ogre
 13360 | D:11     | Killed a two-headed ogre
 13498 | D:11     | Identified the +4 long sword of the Keeping Pill Bug
                  | {flame, +Blink rF+ rC++ Dex+2}
 13595 | D:11     | Killed Fannar
 13771 | D:12     | Noticed a two-headed ogre
 13782 | D:12     | Killed a two-headed ogre
 13783 | D:12     | Reached XP level 12. HP: 59/59 MP: 10/24
 13998 | D:12     | Reached skill level 13 in Earth Magic
 14338 | D:12     | Offered knowledge of Lee's Rapid Deconstruction by Vehumet.
 14589 | D:12     | Slain by a very large slime creature

Illustrated notes

Levels and vault maps discovered:
D:1:      dpeg_arrival_three_same_balls, layout_loops_ring
D:2:      layout_basic, dreamdust_mushroom_princess
D:3:      layout_basic, zin_academy, dreamdust_ecumenical_altar_sealed_demon
D:4:      layout_loops_ring, serial_shops, nicolae_lakefront_shop,
          portal_sewer_entry_b, minmay_bent, uniq_natasha, uniq_blork_the_orc,
          uniq_menkaure
D:5:      layout_basic, minmay_temple_entry_large_hall, serial_shops,
          nicolae_shop_tiny_statue_garden, uniq_prince_ribbit1
D:6:      minmay_skewed_foursquare, layout_layer_cave,
          nicolae_overflow_hidden_temple, st_stairs_3
D:7:      layout_basic, biasface_ghost_orc_armoury
D:8:      layout_cave_pools
D:9:      layout_stronghold, david_orc_2, serial_shops,
          nicolae_shop_window_shopping, uniq_psyche
D:10:     layout_basic
D:11:     layout_small_grid, erik_lair_island, hellmonk_ghost_happy_afterlife,
          amcnicky_mini_corridor_feature, uniq_fannar
D:12:     layout_small_grid
Temple:   regret_index_temple_mists

Skill      XL: |  1  2  3  4  5  6  7  8  9 10 11 12 |
---------------+-------------------------------------+-----
Earth Magic    | 4 5 6 7 9 11 12 13 | 13.4
Conjurations   | 2 3 4 6 7 8 9 |  9.7
Dodging        | 2 3 |  3.5
Stealth        | 3 4 5 |  5.1
Spellcasting   | 3 4 5 6 7 8 |  8.3
Shields        | 4 7 8 |  8.0
Translocations | 2 4 |  4.7

Action                     |  1- 3 |  4- 6 |  7- 9 | 10-12 || total
---------------------------+-------+-------+-------+-------++-------
  Melee: Short sword       |     7 |       |       |       ||     7
         Dagger            |       |     1 |       |       ||     1
         Staff             |       |       |     3 |    16 ||    19
         Long sword        |       |       |       |     6 ||     6
  Throw: Boomerang         |       |       |     8 |     1 ||     9
   Cast: Sandblast         |    28 |    70 |    81 |    91 ||   270
         Stone Arrow       |       |       |    50 |   138 ||   188
         Brom's Barrelling |       |       |       |    34 ||    34
  Evoke: Wand              |       |       |       |    11 ||    11
    Use: Scroll            |       |     7 |     4 |     6 ||    17
         Potion            |       |     4 |     4 |     1 ||     9
 Armour: Robe              |     3 |    28 |    61 |   146 ||   238
         Skin              |       |       |       |     1 ||     1
  Dodge: Dodged            |     3 |    27 |    60 |   109 ||   199
  Block: Buckler           |       |       |    26 |    57 ||    83
